Unix NetHack Version 5.0.0-0 post-release - last build Jul 14 2026 02:55:29 (1809b74e8187c3a3585e283601c3028b46cbbdcb,branch:main).

Game began 2026-07-14 06:27:51, ended 2026-07-14 06:45:21.

Brudee, chaotic female human Rogue

            -------------
  -----     |...........|
  |....     |...........|
  |...|   ##.......{....|          -----------        ---------------
  |{..| ### |..>........|          .........(|        |..!..!%([)**?|
  |...-#### ----.--------          |......>...####    |.+.*.!%@----d|
  --.--    #    ######             |.........|   ###  |..)%.%"!%.%+.|
    #                #             ------.----     ###-.!!!!%!%).(!?|
    #                #               #####            ---------------
    #               #########       ##
    ###           -----+--- #       #
  ----.------  ###|..<....| #    ---.------
  |.........|   ##........| #####.........|
  |..........#####|.......|######|........|
  |.........|   # ---------      |........|
  |.........|                    ------+---
  ---|-------

Brudee the Cutpurse     St:12 Dx:18 Co:15 In:8 Wi:14 Ch:8  Chaotic S:716
Dlvl:4  $:0  HP:0(36) Pw:20(20) AC:10 Xp:4/119 T:1586 

Latest messages:
 "Thank you, scum!"
 You drop an uncursed yellow potion.
 "Thank you, scum!"
 You drop 2 uncursed potions of sickness.
 "Thank you, scum!"
 You drop a wand of polymorph (0:3).
 "Thank you, scum!"
 You drop an empty uncursed sack.
 "Thank you, scum!"
 You drop an uncursed blindfold.
 "Thank you, scum!"
 You drop an uncursed lock pick.
 "Thank you, scum!"
 You drop an uncursed black gem.
 "Thank you, scum!"
 You drop an uncursed green gem.
 "Thank you, scum!"
 You drop a cursed white gem.
 "Thank you, scum!"
 For some reason, you cannot drop the stone!
 The little dog misses the cave spider.
 Manlobbi zaps a brass wand!
 The magic missile whizzes by you!
 The little dog bites the cave spider.
 The cave spider is killed!
 Manlobbi zaps a wand of magic missile!
 The magic missile hits you!
 You see here a white gem (for sale, 7111 zorkmids).
 Manlobbi zaps a wand of magic missile!
 The magic missile hits the gnome lord!
 The magic missile hits you!
 The little dog drops a parchment spellbook.
 What do you want to zap? [X or ?*] ?
 "Hey!  Ahem.  Usage fee, 66 zorkmids."
 In what direction? h
 The magic missile hits the gnome lord!
 The magic missile hits Manlobbi!
 Manlobbi zaps a wand of magic missile!
 The gnome lord is killed by the magic missile!
 The magic missile hits you!
 What do you want to zap? [X or ?*] ?
 "Usage fee, 66 zorkmids."
 In what direction? h
 The magic missile hits Manlobbi!
 Manlobbi zaps a wand of magic missile!
 The magic missile hits you!
 You die...
 Manlobbi comes and takes all your possessions.
 Do you want to see what you had when you died? [ynq] (y) y
 Do you want to see your attributes? [ynq] (y) q

Inventory:
 Scrolls  ('?')
  S - an uncursed scroll of amnesia
  T - an uncursed scroll of confuse monster
  P - an uncursed scroll of enchant weapon
  W - an uncursed scroll of scare monster
 Rings    ('=')
  V - an uncursed ring of invisibility
 Wands    ('/')
  X - a wand of magic missile (0:6)
 Gems/Stones  ('*')
  R - a cursed loadstone

Brudee the Rogue's attributes:

Background:
 You were a Cutpurse, a level 4 female human Rogue.
 You were chaotic, on a mission for Kos
 who was opposed by Issek (lawful) and Mog (neutral).
 You were right-handed.
 You were in the Dungeons of Doom, on level 4.
 You entered the dungeon 1586 turns ago.
 There was a new moon in effect when your adventure ended.
 You had 119 experience points, 41 more were needed to attain level 5.
 Your score was 716 before end-of-game adjustments.

Basics:
 You had 0 out of 36 hit points.
 You had all 20 energy points (spell power).
 Your armor class was 10.
 Your wallet was empty.
 Autopickup was on, but temporarily disabled while inside the shop.

Final Characteristics:
 Your strength was 12 (limit:18/100).
 Your dexterity was 18 (limit:18).
 Your constitution was 15 (limit:18).
 Your intelligence was 8 (limit:18).
 Your wisdom was 14 (limit:18).
 Your charisma was 8 (limit:18).

Final Status:
 You weren't hungry.
 You were unencumbered.
 You were bare handed.
 You were unskilled in bare handed combat.
 You weren't wearing any armor.

Final Attributes:
 You were devoutly aligned.
 You were stealthy.
 You are dead.

Miscellaneous:
 You didn't encounter any bones levels.
 Total elapsed playing time was 17 minutes and 28 seconds.

Major events:
 Turn
    1: Brudee the chaotic female human Rogue entered the dungeon
  887: attained the rank of Cutpurse (level 3)
 1467: entered the Gnomish Mines
 1586: killed by a magic missile zapped by a shopkeeper

Spells:
 Name                 Level Category     Fail Retention
 confuse monster        1   enchantment   57%  76%-100%

Skills:
 Fighting Skills
   bare handed combat [Unskilled]
   two weapon combat  [Unskilled]
   riding             [Unskilled]
 Weapon Skills
   dagger             [Basic]
   knife              [Unskilled]
   short sword        [Basic]
   broadsword         [Unskilled]
   long sword         [Unskilled]
   two-handed sword   [Unskilled]
   saber              [Unskilled]
   club               [Unskilled]
   mace               [Unskilled]
   morning star       [Unskilled]
   flail              [Unskilled]
   hammer             [Unskilled]
   polearms           [Unskilled]
   spear              [Unskilled]
   crossbow           [Unskilled]
   dart               [Unskilled]
   shuriken           [Unskilled]
 Spellcasting Skills
   divination spells  [Unskilled]
   escape spells      [Unskilled]
   matter spells      [Unskilled]

Voluntary challenges:
 Character rerolling was not enabled.
 You never genocided any monsters.
 You never changed form.
 You used no wishes.
Achievements:
 You entered a shop.
 You attained the rank of Cutpurse.
 You entered the Gnomish Mines.

 The Dungeons of Doom: levels 1 to 4
    Level 1:
    Level 2:
       A food shop.
    Level 3:
       An altar.
    Level 4: <- You were here.
       A general store, some fountains.
       Stairs down to The Gnomish Mines.
       Final resting place for
          you, killed by a magic missile zapped by a shopkeeper.
 The Gnomish Mines:
    Level 5:


Vanquished creatures:
  a small mimic
  a gnome leader
  a little dog
 an orc zombie
  a werejackal
  a manes
  a giant rat
  a cave spider
  a yellow mold
  a green mold
  a gecko
  5 jackals
  a kobold
  5 goblins
  2 sewer rats
  2 grid bugs
  2 lichens
  2 newts
30 creatures vanquished.

No species were genocided or became extinct.

Game over:
                       ----------
                      /          \
                     /    REST    \
                    /      IN      \
                   /     PEACE      \
                  /                  \
                  |      Brudee      |
                  |       0 Au       |
                  |   killed by a    |
                  |  magic missile   |
                  |   zapped by a    |
                  |    shopkeeper    |
                  |       2026       |
                 *|     *  *  *      | *
        _________)/\\_//(\/(/\)/\//\/|_)_______

Goodbye Brudee the Rogue...

You died in The Dungeons of Doom on dungeon level 4 with 716 points,
and 0 pieces of gold, after 1586 moves.
You were level 4 with a maximum of 36 hit points when you died.

